 Dungeon Crawl Stone Soup version 0.30-a0-847-g17996783a1 (webtiles) character file.

Game seed: 3840371562919130866

36 Ceno the Sneak (level 3, 0/17 HPs)
             Began as a Felid Delver on Mar 3, 2023.
             Slain by a goblin
             ... wielding a +1 dagger of protection
             ... led by Robin
              (3 damage)
             ... on level 4 of the Dungeon.
             The game lasted 00:11:06 (2913 turns).

Ceno the Sneak (Felid Delver)                       Turns: 2913, Time: 00:11:07

Health: 0/17       AC:  1    Str:  8    XL:     3   Next: 19%
Magic:  4/4        EV: 17    Int: 11    God:
Gold:   205        SH:  0    Dex: 19    Spells: 2/2 levels left
                                        Lives:  0   Deaths: 1

rFire   + . .      SeeInvis +      - Unarmed
rCold   + . .      Faith    .    (shield unavailable)
rNeg    . . .      Spirit   .    (body armour unavailable)
rPois   .          Reflect  .    (helmet unavailable)
rElec   .          Rampage  .    (cloak unavailable)
rCorr   .                        (gloves unavailable)
Will    .....                    (boots unavailable)
Stlth   ++++                     (no amulet)
HPRegen 0.22/turn                f - ring of protection from fire
MPRegen 0.09/turn                l - ring of protection from cold

@: quick
A: very small, claws 1, fangs 3, see invisible, speed 1, shaggy fur 1, stealthy
paws, no weapons or thrown items, no armour, multi-lived
a: no special abilities


You were on level 4 of the Dungeon.
You visited 2 branches of the dungeon, and saw 6 of its levels.

You collected 205 gold pieces.

Inventory:

Jewellery
 f - a ring of protection from fire (left paw)
 l - a ring of protection from cold (right paw)
Wands
 e - a wand of digging (3)
Scrolls
 a - a scroll of fog
 b - 2 scrolls of magic mapping
 c - a scroll of fear
 h - 4 scrolls of immolation {unknown}
 i - a scroll of teleportation {unknown}
 k - a scroll of blinking {unknown}
 m - a scroll of vulnerability {unknown}
 p - a scroll of identify {unknown}
 r - a scroll of amnesia {unknown}
 t - a scroll of brand weapon {unknown}
Potions
 d - a potion of haste
 g - a potion of resistance {unknown}
 j - a potion of lignification {unknown}
 n - a potion of curing {unknown}
 o - a potion of magic {unknown}
 q - a potion of cancellation {unknown}
 s - a potion of might {unknown}
 u - a potion of attraction {unknown}


   Skills:
 + Level 3.6 Fighting
 - Level 2.6 Dodging
 + Level 7.1 Stealth
 * Level 3.4 Unarmed Combat


You had 2 spell levels left.
You didn't know any spells.
Your spell library contained the following spells:

 Spells                   Type           Power      Damage    Failure   Level
 Lesser Beckoning         Tloc           0%         N/A       47%         2
 Gell's Gravitas          Tloc           0%         N/A       71%         3
 Ozocubu's Armour         Ice            0%         N/A       71%         3
 Teleport Other           Tloc           0%         N/A       71%         3
 Metabolic Englaciation   Hex/Ice        0%         N/A       100%        5
 Simulacrum               Ice/Necr       0%         N/A       100%        6


Dungeon Overview and Level Annotations

Branches:
Dungeon (5/15)             Temple (1/1) D:4

Altars:
Ashenzari
Cheibriados
Fedhas
Hepliaklqana
Makhleb
Okawaru
Ru
Vehumet
Wu Jian
Zin

Shops:
D:3 (

Annotations:
D:2 Crazy Yiuf
D:4 2 runed translucent doors, Ijyb; Robin; soul19's ghost, amateur DsFi


Innate Abilities, Weirdness & Mutations

You have sharp claws.
You have razor-sharp teeth.
You have supernaturally acute eyesight. (SInv)
You cover ground quickly. (Speed+)
You are covered in fur. (AC +1)
Your paws help you pounce on unaware monsters.
You are incapable of wielding weapons or throwing items.
You cannot wear armour.
You gain extra lives every three experience levels.


Message History

Robin roars a battlecry!
The goblins go into a battle-frenzy!
The hobgoblin shouts!
You hear a shout! x2
You closely miss the goblin.
The goblin is severely wounded.
The goblin misses you. The goblin completely misses you.
A goblin comes into view.
It is wielding a +1 dagger of protection.
You closely miss the goblin. You claw the goblin.
The goblin is almost dead.
The goblin hits you with a +0 dagger. The goblin closely misses you.
A goblin comes into view. It is wielding a +0 dagger.
You scratch the goblin.
You kill the goblin!
The goblin closely misses you.
A hobgoblin comes into view.
Robin roars a battlecry!
The hobgoblin goes into a battle-frenzy!
You scratch the goblin but do no damage.
You bite the goblin.
You kill the goblin!
A hobgoblin comes into view.
You scratch the iguana but do no damage.
The iguana closely misses you.
You scratch the iguana.
The iguana is lightly wounded.
The iguana barely misses you.
You completely miss the iguana. You bite the iguana, but do no damage.
The iguana is lightly wounded.
The iguana misses you.
You scratch the iguana but do no damage.
The iguana is lightly wounded.
A goblin comes into view. It is wielding a +0 club.
The iguana bites you. Robin throws the goblin at you!
The goblin completely misses you.
You scratch the iguana but do no damage.
The iguana is lightly wounded.
The iguana bites you!
* * * LOW HITPOINT WARNING * * *
The goblin hits you with a +1 dagger of protection.
You die...

######.......................
#....#.......................
#....#........#####..........
#....#.>.....## ###..........
#....#......## #.##..###.....
#....).....## #..##..#.....##
#....#.##### #...####......#
#......#.######g...#
##.[..### #.#....#.#.ggl@)#
#....... #........gg######
#....### .......#.#......#
#....... .........######..
#.....## ........##
####.....## .......
#.......... .....g.
#..#.....(. .....g.
#.......... .....
######.......


You could see an iguana, Robin, 2 hobgoblins and 2 goblins.

Vanquished Creatures
  An adder (D:3)
  3 dart slugs
  An orc (D:3)
  4 endoplasms
  2 giant cockroaches
  9 goblins
  8 hobgoblins
  4 jackals
  9 kobolds
  3 quokkas
  5 ball pythons
  2 bats (D:2)
  3 frilled lizards
  A rat (D:3)
55 creatures vanquished.

Vanquished Creatures (others)
  2 fungi (D:2)
2 creatures vanquished.

Grand Total: 57 creatures vanquished

Notes
Turn   | Place    | Note
-------+----------+-------------------------------------------
     0 | D:5      | Ceno the Felid Delver began the quest for the Orb.
     0 | D:5      | Reached XP level 1. HP: 10/10 MP: 2/2
    10 | D:5      | Noticed a hound
    45 | D:4      | Noticed Ijyb
   192 | D:3      | Found Piqiac's Weapon Boutique.
   457 | D:1      | Reached XP level 2. HP: 14/14 MP: 3/3
   942 | D:1      | Reached XP level 3. HP: 17/17 MP: 4/4
  1424 | D:2      | Reached skill level 7 in Stealth
  1505 | D:2      | Found a runed translucent door.
  1506 | D:2      | Noticed Crazy Yiuf
  2021 | D:3      | Found a burning altar of Makhleb.
  2466 | D:3      | Reached XP level 4. HP: 21/21 MP: 5/5
  2555 | D:4      | Found a staircase to the Ecumenical Temple.
  2561 | Temple   | Entered the Ecumenical Temple
  2561 | Temple   | Found a transporter.
  2561 | Temple   | Found a transporter.
  2563 | Temple   | Found a transporter.
  2563 | Temple   | Found a transporter.
  2729 | D:4      | Found a large runed translucent door.
  2729 | D:4      | Found a large runed translucent door.
  2730 | D:4      | Noticed soul19's ghost (amateur DsFi)
  2819 | D:4      | Blown up by Ijyb
  2820 | D:4      | Reached XP level 3. HP: 0/17 MP: 4/4
  2889 | D:4      | Noticed Robin
  2913 | D:4      | Slain by a goblin

Illustrated notes

Levels and vault maps discovered:
D:1:      dpeg_arrival_rhombus, layout_basic, minmay_tromino_i4
D:2:      layout_loops_ring, minmay_misc_feat_four_crosses,
          uniq_crazy_yiuf_cottage
D:3:      layout_basic, mainiacjoe_overflow_tiny_flanked, serial_shops, shop
D:4:      layout_rooms, nicolae_tso_swordbearing_angel,
          minmay_temple_entry_fiery, ebering_ghost_disaster_area, uniq_robin,
          uniq_ijyb
D:5:      layout_loops_corners, mainiacjoe_overflow_24_doors,
          grunt_gozag_breadcrumbs, nicolae_uskayaw_suspiria, nrook_mini_vaults,
          chequers_mini_garden, nicolae_elevator_lobby_plus, uniq_pikel,
          uniq_eustachio
Temple:   hellmonk_temple_divided_pantheon

Skill      XL: |  1  2  3 |
---------------+----------+-----
Unarmed Combat | 3 |  3.4
Stealth        | 7 |  7.1
Fighting       | |  3.6
Dodging        | |  2.6

Action                     |  1- 3 |  4- 6 || total
---------------------------+-------+-------++-------
  Melee: Unarmed           |   110 |    10 ||   120
         Punch             |     3 |       ||     3
         Bite              |     7 |     2 ||     9
    Use: Scroll            |     2 |       ||     2
   Stab: Sleeping          |    31 |     1 ||    32
 Armour: Skin              |     4 |       ||     4
  Dodge: Dodged            |    58 |     5 ||    63

Table legend: (Time is in decaauts)
 A = Elapsed time spent in this place.
 B = Non-inter-level travel time spent in this place.
 C = Inter-level travel time spent in this place.
 D = Time resting spent in this place.
 E = Time spent auto-exploring this place.
 F = Levels seen in this place.
 G = Mean time per level.
                   A        B        C        D        E       F      G
               +--------+--------+--------+--------+--------+-----+--------+
         Total |   2414 |   2280 |    134 |    132 |    776 |   6 |  402.3 |
       Dungeon |   2381 |   2247 |    134 |    132 |    776 |   5 |  476.2 |
        Temple |     33 |     33 |      0 |      0 |      0 |   1 |   33.0 |
               +--------+--------+--------+--------+--------+-----+--------+

Top non-repeatable levels by time:
     D:1: 676 daAuts
     D:3: 675 daAuts
     D:2: 591 daAuts
     D:4: 420 daAuts
  Temple: 33 daAuts
     D:5: 17 daAuts
